 Dungeon Sprint DCSS version 0.31.0-32-g396128a36d (webtiles) character file.

Game seed: 7437033210753179354

467 boopmooplesden the Carver (level 6, -4/93 HPs)
             Began as an Armataur Berserker on Apr 18, 2024.
             Was a Believer of Trog.
             Slain by a yak (9 damage)
             ... in the Dungeon (Sprint I: "Red Sonja").
             The game lasted 00:00:53 (442 turns).

boopmooplesden the Carver (Armataur Berserker)       Turns: 442, Time: 00:00:54

Health: -4/93      AC:  9    Str: 25    XL:     6   Next: 81%
Magic:  6/6        EV:  7    Int:  7    God:    Trog [**....]
Gold:   418        SH:  0    Dex:  9    Spells: 5/5 levels left

rFire   . . .        a - +0 falchion
rCold   . . .        (no shield)
rNeg    . . .        j - +0 chain mail
rPois   .            (no helmet)
rElec   .            (no cloak)
rCorr   .            (no gloves)
SInv    .            (no barding)
Will    .....        (no amulet) Stlth
                     (no ring)
HPRegen 0.35/turn    (no ring)
MPRegen 0.10/turn

%: no teleportation, roll
@: berserking, very quick
A: large, deformed body, tough skin 3, armoured tail, roll 1
a: Renounce Religion, Berserk, Trog's Hand


You were in the Dungeon.
You worshipped Trog.
Trog was pleased with you.
You visited 1 branch You collected 418 gold pieces.

Inventory:

Hand Weapons
 a - a +0 falchion (weapon)
Armour
 b - a +0 animal skin
 j - a +0 chain mail (worn)
Wands
 i - a wand of flame (20)
Scrolls
 h - a scroll of blinking
Potions
 c - a potion of curing
 d - a potion of heal wounds
 e - a potion of haste
 f - 2 potions of magic
 g - a potion of berserk rage
 k - a potion of might {unknown}


   Skills:
 + Level 8.6 Fighting
 + Level 9.2 Long Blades
 + Level 6.6 Armour
 + Level 3.3 Dodging


You had 5 spell levels left.
You didn't know any spells.
Your spell library was empty.

Dungeon Overview and Level Annotations

Branches:
Dungeon (1/1)

Altars:
Cheibriados
Dithmenos
Elyvilon
Fedhas
Hepliaklqana
Kikubaaqudgha
Makhleb
Okawaru
Qazlal
Ru
Sif Muna
Trog
Uskayaw
Vehumet
Wu Jian
Xom
Yredelemnul
Zin
The Shining One
Jiyva
Lugonu

Shops:
D (


Innate Abilities, Weirdness & Mutations

Armour fits poorly on your strangely shaped body.
You have extremely tough skin. (AC +3)
You have a long armoured tail.
You regenerate magic when rolling toward enemies. (Rampage MPRegen)


Message History

The yak gores you but does no damage.
You barely miss the yak.
Your tail-slap misses the yak.
The yak is heavily wounded.
The yak gores you but does no damage.
You hit the yak.
The yak is heavily wounded.
The yak gores you!
You hit the yak but do no damage.
Your tail-slap misses the yak.
The yak is heavily wounded.
The yak gores you but does no damage.
You hit the yak but do no damage.
The yak is heavily wounded.
You hit the yak.
The yak is heavily wounded.
The yak gores you!
You hit the yak but do no damage.
The yak is heavily wounded.
The yak gores you but does no damage.
You hit the yak.
The yak is severely wounded.
The yak gores you but does no damage.
You barely miss the yak.
The yak is severely wounded.
The yak completely misses you.
You barely miss the yak.
The yak is severely wounded.
The yak gores you!
* * * LOW HITPOINT WARNING * * *
You hit the yak.
The yak is severely wounded.
You hit the yak.
The yak is severely wounded.
The yak gores you!
* * * LOW HITPOINT WARNING * * *
You hit the yak.
Your tail-slap misses the yak.
The yak is severely wounded.
The yak gores you but does no damage.
A red film seems to cover your vision as you go berserk!
You feel yourself moving faster!
You feel mighty! The yak gores you!
You die...

######################
#<.#..').#..'..#__#..+
#..)..#..').#..'..'..#
#..#####'#####'#__####
#..# #..#...#.####
#..#__####..##)#
#..#_____##'#_.+
#⌠⌠#_.∩...Y@.._#
####_..__##_.#'# ___
##+#.# # ###


You could see a yak.

Vanquished Creatures
  Sigmund (D)
  A slime creature (D)
  An ogre (D)
  A jelly (D)
  Ijyb (D)
5 creatures vanquished.

Notes
Turn   | Place    | Note
-------+----------+-------------------------------------------
     0 | D        | boopmooplesden the Armataur Berserker began the quest for
                  | the Orb.
     0 | D        | Reached XP level 1. HP: 18/18 MP: 1/1
     1 | D        | Noticed Ijyb
    13 | D        | Killed Ijyb
    14 | D        | Reached skill level 4 in Long Blades
    14 | D        | Reached XP level 2. HP: 7/27 MP: 2/2
   198 | D        | Noticed an ogre
   201 | D        | Killed an ogre
   202 | D        | Reached skill level 5 in Fighting
   202 | D        | Reached skill level 6 in Long Blades
   202 | D        | Reached XP level 3. HP: 37/37 MP: 3/3
   202 | D        | Reached XP level 4. HP: 44/44 MP: 4/4
   240 | D        | Noticed Sigmund
   245 | D        | Killed Sigmund
   245 | D        | Reached ** piety under Trog
   246 | D        | Reached skill level 8 in Long Blades
   246 | D        | Reached skill level 5 in Armour
   246 | D        | Reached XP level 5. HP: 52/52 MP: 5/5
   246 | D        | Reached XP level 6. HP: 60/60 MP: 6/6
   298 | D        | Found a burning altar of Makhleb.
   298 | D        | Found a viscous altar of Jiyva.
   298 | D        | Found a shimmering altar of Xom.
   298 | D        | Found a corrupted altar of Lugonu.
   298 | D        | Noticed a slime creature
   306 | D        | Killed a slime creature
   307 | D        | Reached skill level 9 in Long Blades
   377 | D        | Found an ornate altar of the Wu Jian Council.
   377 | D        | Found a shimmering blue altar of Sif Muna.
   379 | D        | Found a radiant altar of Vehumet.
   421 | D        | Found Fiymehal's Antique Weapon Emporium.
   421 | D        | Found an ancient bone altar of Kikubaaqudgha.
   421 | D        | Found a hazy altar of Hepliaklqana.
   421 | D        | Found a stormy altar of Qazlal.
   421 | D        | Found a hide-covered altar of Uskayaw.
   421 | D        | Found a blossoming altar of Fedhas.
   421 | D        | Found a bloodstained altar of Trog.
   421 | D        | Found an iron altar of Okawaru.
   421 | D        | Found a basalt altar of Yredelemnul.
   421 | D        | Found a glowing golden altar of the Shining One.
   421 | D        | Found a snail-covered altar of Cheibriados.
   421 | D        | Found a sacrificial altar of Ru.
   421 | D        | Found a glowing silver altar of Zin.
   421 | D        | Found a shadowy altar of Dithmenos.
   421 | D        | Found a white marble altar of Elyvilon.
   421 | D        | Noticed a yak
   440 | D        | HP: 2/62 [yak (14)]
   442 | D        | Slain by a yak

Illustrated notes

Levels and vault maps discovered:
D:        dungeon_sprint_1 [red_sonja_temple_1, red_sonja_temple_small_1]

Skill      XL: |  1  2  3  4  5  6 |
---------------+-------------------+-----
Fighting       | 4 5 7 8 |  8.6
Long Blades    | 4 6 8 9 |  9.2
Armour         | 3 4 5 6 |  6.6
Dodging        | 2 3 |  3.3

Action                     |  1- 3 |  4- 6 || total
---------------------------+-------+-------++-------
  Melee: Falchion          |    14 |    34 ||    48
         Tailslap          |     2 |     2 ||     4
         Punch             |       |     1 ||     1
 Invoke: Berserk           |     2 |     3 ||     5
 Armour: Animal skin       |     6 |       ||     6
         Chain mail        |     1 |    23 ||    24
  Dodge: Dodged            |     1 |     5 ||     6
